 Dungeon Crawl Stone Soup version 0.16.2-12-gd0ad4c3 (webtiles) character file.

168 Kira the Magician (level 5, -8/28 HPs)
             Began as a Deep Elf Wizard on Oct 26, 2015.
             Killed by divine providence
             ... invoked by an orc priest
              (12 damage)
             ... on level 3 of the Dungeon.
             The game lasted 00:16:51 (2879 turns).

Kira the Magician (Deep Elf Wizard)                 Turns: 2879, Time: 00:16:51

Health: -8/28      AC:  2    Str:  4    XL:     5   Next: 24%
Magic:  20/21      EV: 13    Int: 24    God:
Gold:   116        SH:  0    Dex: 13    Spells: 4 memorised, 10 levels left

rFire  . . .     SeeInvis .     (no weapon)
rCold  . . .     Clarity  .     a - +0 robe
rNeg   . . .     SustAb   .     (no shield)
rPois  +         Gourm    .     b - +0 hat
rElec  .         Spirit   .     x - -1 cloak (curse)
rCorr  .         Warding  .     (no gloves)
rMut   .         Stasis   .     (no boots)
MR     .....                    (no amulet)
Stlth  ++........               (no ring)
                                e - ring of poison resistance

@: repel missiles, not resistant to hostile enchantments, unstealthy
A: no striking features
a: no special abilities


You were on level 3 of the Dungeon.
You were not hungry.

You visited 1 branch of the dungeon, and saw 3 of its levels.

You collected 116 gold pieces.

Inventory:

Hand weapons
 v - a +0 whip
Armour
 a - a +0 robe (worn)
 b - a +0 hat (worn)
 x - a cursed -1 cloak (worn)
Jewellery
 e - a ring of poison resistance (left hand)
Magical devices
 s - a wand of flame (20)
Scrolls
 g - 2 scrolls of enchant armour {unknown}
 h - 3 scrolls of blinking {unknown}
 m - 4 scrolls of identify {unknown}
 q - a scroll of recharging {unknown}
 r - 2 scrolls of remove curse {unknown}
 t - a scroll of immolation {unknown}
Potions
 f - a potion of restore abilities {unknown}
 i - a potion of beneficial mutation {unknown}
 j - 3 potions of curing {unknown}
 k - a potion of ambrosia {unknown}
 l - a potion of haste {unknown}
 o - 2 potions of might {unknown}
 u - a potion of poison {unknown}
 A - a potion of mutation {unknown}
 B - 2 potions of cure mutation {unknown}
Books
 c - a book of Minor Magic

   Spells                             Type                      Level
   a - Magic Dart                     Conjuration                  1
   b - Blink                          Translocation                2
   c - Call Imp                       Summoning                    2
   d - Repel Missiles                 Charms/Air                   2
   e - Slow                           Hexes                        2
   f - Conjure Flame                  Conjuration/Fire             3
   g - Mephitic Cloud                 Conjuration/Poison/Air       3
Comestibles
 d - 4 bread rations
 n - 4 fruits
 p - 2 meat rations
 w - a royal jelly
 z - a chunk of flesh


   Skills:
 + Level 0.4 Fighting
 + Level 3.2 Dodging
 - Level 2.5 Stealth
 + Level 6.9 Spellcasting
 + Level 2.4 Conjurations
   Level 1.1 Summonings
 + Level 1.4 Translocations


You had 10 spell levels left.
You knew the following spells:

 Your Spells              Type           Power        Failure   Level  Hunger
a - Magic Dart            Conj           ###.         2%          1    None
b - Blink                 Tloc           N/A          8%          2    None
c - Repel Missiles        Chrm/Air       #.....       12%         2    None
d - Slow                  Hex            #.......     12%         2    None


Dungeon Overview and Level Annotations

Branches:
Dungeon (3/15)

Altars:


Message History

You kill the orc!
The orc priest is too close now for your liking.
Casting: Magic Dart
Confirm with . or Enter, or press ? or * to list all spells.
Aiming: Magic Dart
Press: ? - help, Shift-Dir - straight line, f - orc priest
Aim: an orc priest, wielding a club and wearing a glowing chain mail (hasn't noticed you)
The magic dart hits the orc priest.
The orc priest shouts!
The orc shouts!
The orc priest calls down the wrath of Beogh upon you.
Pain shoots through your body!
The orc priest glows brightly for a moment.
The orc priest invokes the aid of Beogh against you.
Something smites you!
Ouch! That really hurt!
* * * LOW HITPOINT WARNING * * *
The orc priest invokes the aid of Beogh against you.
Something smites you!
You die...

### .. ####.# ##.##.# #..#.#
.###..... #####.##.# .......#
##.....##.#
..###.....###..##..(#.# ##
...................#.# ....
####............###..# .....
#........o...o..###..#
..>.....###@.....#.##..##...
#.#..####.....##.#..........
#.#..†....######.####.##.)..
##...##..............#..#.###
###...###†##.###.......#.......
............#.# #.......#....o..
.........####.#####.......###...
.##......####.....#.........o...
####..###....#####.#.......###...


You could see an orc priest and an orc.

Vanquished Creatures
  An orc wizard (D:3)
  5 adders
  2 worms (D:2)
  7 giant geckos
  6 orcs
  7 bats
  A giant cockroach (D:3)
  3 goblins
  8 hobgoblins
  7 giant newts
  10 jackals
  8 kobolds
  3 quokkas (D:3)
  9 rats
77 creatures vanquished.

Notes
Turn   | Place    | Note
--------------------------------------------------------------
     0 | D:1      | Kira, the Deep Elf Wizard, began the quest for the Orb.
     0 | D:1      | Reached XP level 1. HP: 10/10 MP: 6/6
   128 | D:1      | Reached XP level 2. HP: 15/15 MP: 4/10
   130 | D:1      | Reached skill level 5 in Spellcasting
   135 | D:1      | Learned a level 2 spell: Blink
   138 | D:1      | Learned a level 2 spell: Repel Missiles
   457 | D:2      | Reached XP level 3. HP: 19/19 MP: 0/14
  1041 | D:2      | Reached skill level 6 in Spellcasting
  1480 | D:2      | Reached XP level 4. HP: 24/24 MP: 14/18
  1829 | D:2      | Learned a level 2 spell: Slow
  2345 | D:3      | Reached XP level 5. HP: 28/28 MP: 12/21
  2879 | D:3      | Killed from afar by an orc priest

Action                   |  1- 3 |  4- 6 || total
-------------------------+-------+-------++-------
 Cast: Magic Dart        |   103 |   100 ||   203
       Blink             |     3 |     6 ||     9
       Repel Missiles    |       |     1 ||     1
       Slow              |       |     1 ||     1
  Eat: Chunk             |     1 |     5 ||     6
